 Dungeon Crawl Stone Soup version 0.25-a0-35-g747a2b3c0c (webtiles) character file.

Game seed: 54573975344702385, levelgen mode: deterministic

25 Chiseanne the Magician (level 2, 0/19 HPs)
             Began as a Demonspawn Wizard on Oct 18, 2019.
             Succumbed to an adder's poison
             ... on level 2 of the Dungeon.
             The game lasted 00:02:37 (1048 turns).

Chiseanne the Magician (Demonspawn Wizard)          Turns: 1048, Time: 00:02:38

Health: 0/19       AC:  4    Str:  7    XL:     2   Next: 82%
Magic:  1/6        EV: 12    Int: 19    God:
Gold:   50         SH:  0    Dex: 11    Spells: 5/8 levels left

rFire    . . .     SeeInvis .   o - +0 rapier
rCold    . . .     Gourm    .   (no shield)
rNeg     . . .     Faith    .   a - +0 robe
rPois    .         Spirit   .   b - +0 hat
rElec    .         Reflect  .   (no cloak)
rCorr    .         Harm     .   (no gloves)
MR       .....                  (no boots)
Stlth    ++........             (no amulet)
HPRegen  0.06/turn              (no ring)
MPRegen  0.10/turn              (no ring)

@: lethally poisoned (0 -> -6), very slightly contaminated
A: thin metallic scales 1
a: no special abilities


You were on level 2 of the Dungeon.
You were not hungry.

You visited 1 branch of the dungeon, and saw 2 of its levels.

You collected 50 gold pieces.

Inventory:

Hand Weapons
 o - a +0 rapier (weapon)
Missiles
 c - 31 arrows
 g - 29 stones (quivered)
 l - 7 sling bullets
Armour
 a - a +0 robe (worn)
 b - a +0 hat (worn)
Scrolls
 f - a scroll of identify {unknown}
 j - a scroll of magic mapping {unknown}
 k - a scroll of remove curse {unknown}
 m - 2 scrolls of amnesia {unknown}
Potions
 e - a potion of flight {unknown}
 i - a potion of cancellation {unknown}
 n - a potion of heal wounds {unknown}
Comestibles
 d - 4 rations
 h - 3 chunks of flesh


   Skills:
 - Level 1.7 Dodging
 - Level 1.7 Stealth
 * Level 3.5 Spellcasting
 * Level 2.1 Conjurations
   Level 1.0 Summonings
 - Level 0.8 Translocations


You had 5 spell levels left.
You knew the following spells:

 Your Spells              Type           Power        Failure   Level  Hunger
a - Magic Dart            Conj           ##..         6%          1    None
b - Blink                 Tloc           N/A          16%         2    ##.....

Your spell library contained the following spells:

 Spells                   Type           Power        Failure   Level  Hunger
 Call Imp                 Summ           #.......     14%         2    ##.....
 Slow                     Hex            #.......     22%         2    ##.....
 Conjure Flame            Conj/Fire      #.......     28%         3    ###....
 Mephitic Cloud           Conj/Pois/Air  #.......     32%         3    ###....


Dungeon Overview and Level Annotations

Branches:
Dungeon (2/15)

Altars:


Innate Abilities, Weirdness & Mutations

You are partially covered in thin metallic scales. (AC +2)


Message History

The frilled lizard enters a dispersal trap!
The worm blinks!
You blink.
An adder and a howler monkey come into view.
The howler monkey howls!
You hear a shout!
A frilled lizard and a goblin come into view.
A bat comes into view.
The bat moves out of view.
A worm comes into view.
The howler monkey hits you.
* * * LOW HITPOINT WARNING * * *
The adder closely misses you.
The howler monkey hits you but does no damage.
Found a mace. 2 rats come into view.
The bat closely misses you. The adder bites you.
* * * LOW HITPOINT WARNING * * *
You are lethally poisoned!
The adder poisons you!
Found 15 sling bullets.
You die...

.##............# ....
.##............# ...r...
...............# .......
>K...(.........+ .......
...............# .......
.....$...!S....##.......
..............Sh.b.....#
####......#..g.....#
#......#.@......#
........#......).#
..........l.....r.#
.......#...w......#
.................#
.................
.###..(........
#....[......


You could see a worm (wandering), a howler monkey, an adder, a goblin, a bat, a
frilled lizard (wandering) and 2 rats.

Vanquished Creatures
  3 dart slugs (D:1)
  A ball python (D:2)
  2 bats (D:1)
  2 giant cockroaches
  2 goblins
  2 hobgoblins
  3 kobolds (D:1)
  A rat (D:1)
16 creatures vanquished.

Notes
Turn   | Place    | Note
-------+----------+-------------------------------------------
     0 | D:1      | Chiseanne the Demonspawn Wizard began the quest for the
                  | Orb.
     0 | D:1      | Reached XP level 1. HP: 13/13 MP: 4/4
   404 | D:1      | Gained mutation: You are partially covered in thin metallic
                  | scales. (AC +2) [demonic ancestry]
   404 | D:1      | Reached XP level 2. HP: 10/19 MP: 0/6
   871 | D:2      | Learned a level 2 spell: Blink
  1042 | D:2      | Noticed a centaur
  1044 | D:2      | Noticed a howler monkey
  1048 | D:2      | Succumbed to an adder's poison

Levels and vault maps discovered:
D:1:      dpeg_arrival_line_fractal, layout_basic,
          chequers_serial_rivers_small_a
D:2:      cheibrodos_fertilizer, layout_basic, trog_three_pillars_becter,
          uniq_sigmund

Skill      XL: |  1  2 |
---------------+-------+-----
Conjurations   | 2 |  2.1
Dodging        | |  1.7
Stealth        | |  1.7
Spellcasting   | |  3.5
Summonings     | |  1.0
Translocations | |  0.8

Action                   || total
-------------------------++-------
Melee: Unarmed           ||    12
       Rapier            ||     3
 Cast: Magic Dart        ||    42
Armor: Robe              ||     1
Dodge: Dodged            ||    13

Table legend:
 A = Non-vault XP
 B = Vault XP
 C = Vault XP percentage of total XP
 D = Non-vault monster count
 E = Vault monster count
 F = Vault count percentage of total count
                 A         B        C        D         E       F
            +---------+---------+-------+---------+---------+-------
      Total |      36 |       0 |   0.0 |      16 |       0 |   0.0
            +---------+---------+-------+---------+---------+-------
        D:1 |      28 |       0 |   0.0 |      12 |       0 |   0.0
        D:2 |       8 |       0 |   0.0 |       4 |       0 |   0.0
            +---------+---------+-------+---------+---------+-------
